Map: Ruins of Seras

Players

SweaeR - Winner!

  • Race: Zerg Zerg
  • League: Gold

Sse

  • Race: Terran Terran
  • League: Diamond

VOD

Have the link to the VOD?

Description

Time

  • Played on: Feb. 24, 2016, 7:43 a.m.
  • Length: 44:12
Show
View Real Time Build Order
Export as new Build Order

SweaeR Zerg - Winner!

Build Orders: Hatch First, Lurkers, Muta Ling Bane 

Get SALT Encoding   

  12  0:01  Drone  
  13  0:14  Overlord  
  13  0:18  Drone  
  14  0:32  Drone x2  
  16  0:36  Drone  
  17  0:55  Hatchery  
  16  1:08  Spawning Pool  
  15  1:13  Drone  
  16  1:30  Drone  
  16  1:32  Drone x2  
  19  1:45  Overlord  
  19  2:07  Queen x2  
  23  2:19  Drone  
  23  2:20  Drone x2  
  23  2:22  Drone x2  
  28  2:29  Drone  
  26  2:56  Queen x2  
  30  3:01  Overlord, Drone  
  30  3:02  Drone x4  
  35  3:17  Drone  
  35  3:18  Overlord  
  36  3:29  Zergling x6  
  39  3:36  Extractor x2  
  37  3:43  Drone x6  
  43  4:04  Drone x5  
  43  4:05  Drone  
  43  4:06  Zergling x4  
  51  4:12  Spine Crawler  
  47  4:35  Drone x3  
  47  4:37  Lair  
  50  4:39  Drone x2  
  50  4:40  Extractor x2, Drone  
  50  4:41  Drone  
  50  4:42  Overlord x3  
  52  4:57  Hatchery  
  52  4:58  Zergling x2  
  52  5:02  Metabolic Boost  
  52  5:06  Spore Crawler  
  51  5:09  Drone x4  
  51  5:11  Zergling x8  
  59  5:15  Zergling x2  
  60  5:49  Spire  
  59  5:50  Drone x3  
  59  5:52  Evolution Chamber, Drone x2  
  59  5:53  Zergling x2  
  59  5:54  Zergling x12  
  59  5:55  Evolution Chamber  
  69  6:08  Overlord x2  
  69  6:11  Drone x4  
  71  6:12  Queen  
  75  6:38  Spore Crawler  
  74  6:45  Zerg Melee Weapons Level 1, Zerg Ground Armor Level 1  
  74  6:49  Baneling Nest  
  74  6:52  Extractor, Drone  
  74  6:53  Extractor, Drone x5  
  77  6:54  Zergling x8  
  77  6:55  Zergling x2  
  82  7:03  Mutalisk x6  
  94  7:20  Spine Crawler  
  93  7:23  Drone x4  
  93  7:24  Overlord x2, Drone  
  93  7:25  Overlord x3  
  98  7:30  Zerg Flyer Weapons Level 1  
  98  7:37  Baneling x6  
  98  7:38  Baneling x2  
  98  7:43  Hydralisk Den  
  98  7:44  Drone x2  
  99  7:45  Overlord  
  99  7:47  Drone x2  
  99  7:48  Drone x2  
  103  7:56  Baneling, Centrifical Hooks  
  103  7:57  Drone x2  
  103  7:58  Drone  
  106  8:01  Mutalisk x3  
  106  8:02  Mutalisk x2  
  114  8:25  Drone x5  
  114  8:26  Mutalisk x4  
  127  8:32  Zergling x2  
  127  8:33  Zergling x4  
  130  8:42  Drone x2  
  132  8:50  Hatchery  
  132  8:53  Hatchery  
  130  9:06  Mutalisk x2  
  130  9:07  Mutalisk x5  
  122  9:31  Spore Crawler  
  118  10:02  Zergling x4  
  118  10:03  Zergling x16  
  128  10:21  Queen  
  128  10:23  Lurker Den  
  128  10:28  Zerg Missile Weapons Level 1, Zerg Ground Armor Level 2  
  130  10:29  Roach Warren  
  127  10:44  Hydralisk x2  
  127  10:45  Hydralisk x7  
  127  10:46  Hydralisk  
  147  11:09  Overlord x3  
  147  11:14  Spore Crawler  
  147  11:17  Queen  
  144  11:38  Extractor  
  144  11:39  Extractor, Drone x2  
  145  11:40  Drone x3  
  145  11:41  Drone  
  148  11:51  Glial Reconstitution  
  148  11:54  Overlord x2  
  148  11:56  Drone  
  148  11:57  Drone  
  148  12:00  Drone x2  
  148  12:01  Overlord x2  
  152  12:02  Roach  
  152  12:03  Roach x10  
  152  12:04  Overlord x2  
  152  12:05  Overlord x2  
  167  12:36  Hydralisk  
  167  12:37  Hydralisk x15  
  197  13:03  Lurker x2  
  159  13:36  Roach x2  
  159  13:37  Roach x16  
  153  13:52  Hydralisk  
  153  13:53  Hydralisk x4  
  162  14:06  Roach, Hydralisk x5  
  162  14:08  Hydralisk  
  170  14:19  Overlord  
  170  14:24  Hydralisk x3  
  170  14:26  Roach x5  
  170  14:30  Lurker x6  
  170  14:31  Lurker  
  193  14:35  Ravager x4  
  89  15:14  Roach  
  89  15:15  Roach x20  
  89  15:20  Hydralisk  
  133  15:23  Lurker  
  133  15:24  Lurker  
  135  15:47  Drone x2  
  137  15:50  Hatchery  
  137  15:52  Zerg Missile Weapons Level 2  
  136  15:58  Infestation Pit  
  136  16:02  Hatchery  
  136  16:04  Hydralisk x11  
  134  16:05  Hydralisk  
  134  16:07  Zergling x18  
  134  16:09  Roach x5  
  177  16:13  Lurker  
  178  16:28  Hydralisk x6  
  178  16:29  Hydralisk x2  
  182  16:45  Lurker x2  
  182  16:46  Lurker x2  
  172  17:06  Queen  
  174  17:09  Hydralisk x3  
  174  17:10  Hydralisk x5  
  190  17:17  Queen  
  190  17:19  Drone  
  163  17:57  Roach x3  
  163  17:58  Roach x7  
  167  17:59  Roach x7  
  167  18:00  Roach x3  
  177  18:24  Drone x7  
  177  18:25  Drone x3  
  187  18:29  Drone  
  187  18:30  Drone x2  
  190  18:56  Extractor  
  190  18:58  Extractor  
  188  19:04  Hive  
  188  19:17  Extractor  
  188  19:18  Extractor  
  188  19:21  Hydralisk x4  
  188  19:22  Hydralisk x3  
  196  19:39  Muscular Augments  
  196  19:50  Drone x3  
  199  20:12  Extractor  
  198  20:14  Extractor  
  197  20:34  Tunneling Claws  
  197  21:20  Overseer  
  197  21:24  Hatchery  
  194  21:30  Hatchery  
  193  21:37  Hatchery  
  160  21:48  Roach  
  160  21:49  Roach x15  
  160  21:51  Viper  
  160  21:52  Viper x4  
  195  22:10  Burrow  
  195  22:11  Roach x2  
  195  22:28  Hydralisk  
  195  22:29  Hydralisk x18  
  181  22:57  Drone x2  
  183  23:00  Drone  
  183  23:01  Drone  
  183  23:02  Queen  
  187  23:08  Drone x2, Queen  
  191  23:16  Extractor x2  
  191  23:17  Hydralisk x5  
  168  24:07  Roach x13  
  168  24:08  Roach x3  
  200  24:11  Zerg Ground Armor Level 3, Zerg Missile Weapons Level 3  
  197  24:30  Roach  
  199  24:59  Roach x13  
  197  25:35  Hydralisk x4  
  199  25:43  Roach x7  
  199  25:44  Roach x19  
  199  25:51  Extractor  
  199  25:52  Extractor  
  199  25:55  Extractor, Drone x4  
  199  25:56  Extractor  
  199  26:03  Hatchery  
  198  26:06  Hatchery  
  193  26:31  Hydralisk x2  
  193  26:32  Viper, Hydralisk x8  
  182  26:33  Roach x2  
  182  26:34  Roach x11  
  182  26:39  Roach x4  
  199  27:29  Drone  
  175  27:56  Roach x14  
  175  27:57  Roach x16  
  175  27:58  Roach  
  197  28:02  Hydralisk x6  
  199  28:11  Hydralisk  
  199  28:12  Roach x15  
  199  28:13  Roach x4  
  171  29:09  Drone, Hydralisk x4  
  156  29:10  Hydralisk x7  
  156  29:11  Hydralisk x6  
  186  29:23  Hatchery  
  183  29:30  Hydralisk x5  
  183  29:31  Hydralisk x2  
  197  29:41  Roach  
  197  29:43  Roach x26  
  198  30:08  Hydralisk  
  122  30:36  Hydralisk  
  108  30:43  Hydralisk  
  108  30:44  Hydralisk x20  
  108  30:47  Roach x14  
  108  30:48  Roach x7  
  182  31:00  Queen  
  182  31:03  Roach x8  
  200  31:10  Hydralisk x17  
  200  31:11  Hydralisk x6  
  200  31:15  Roach x32  
  200  31:44  Overseer  
  200  31:46  Overseer x2  
  156  32:23  Hydralisk x10  
  156  32:24  Hydralisk  
  156  32:26  Roach x2  
  156  32:27  Roach x11  
  192  32:31  Roach x5  
  192  32:34  Hydralisk x16  
  200  32:39  Roach x10  
  198  33:09  Hydralisk x17  
  198  33:10  Hydralisk x11  
  198  33:12  Roach  
  198  33:14  Roach x27  
  198  33:55  Drone  
  173  34:21  Roach  
  173  34:22  Roach x19  
  173  34:24  Extractor  
  186  34:30  Hydralisk  
  180  34:31  Hydralisk x10  
  190  34:40  Hydralisk x13  
  190  34:43  Roach  
  190  34:44  Roach x4  
  190  34:45  Roach x13  
  200  35:13  Hatchery  
  197  35:23  Hatchery  
  190  35:30  Roach x16  
  138  35:37  Roach  
  138  35:38  Roach x10  
  138  35:39  Hydralisk x3  
  138  35:40  Hydralisk x18  
  138  35:41  Hydralisk x2  
  200  36:20  Zerg Melee Weapons Level 2  
  200  36:21  Ultralisk Cavern  
  199  36:53  Extractor  
  198  36:54  Extractor  
  187  37:40  Drone x2  
  187  37:47  Hydralisk x3  
  187  37:48  Hydralisk x2  
  195  38:01  Ultralisk  
  195  38:02  Ultralisk  
  199  38:08  Hydralisk x33  
  199  38:12  Hatchery  
  198  38:13  Roach x18  
  198  38:15  Hatchery  
  197  38:47  Queen  
  199  38:56  Overseer x4  
  199  38:57  Overlord  
  199  38:58  Overlord x3  
  177  39:25  Queen  
  177  39:29  Pneumatized Carapace  
  179  39:32  Ultralisk x3  
  167  39:54  Ultralisk x6  
  189  40:04  Queen  
  181  40:23  Ultralisk x3  
  199  40:28  Zerg Melee Weapons Level 3  
  199  40:38  Chitinous Plating  
  199  40:42  Drone  
  188  41:16  Ultralisk x4  
  194  41:21  Roach x3  
  194  41:22  Roach x3  
  198  41:32  Roach  
  198  42:48  Roach  
  198  43:32  Mutalisk  
  200  43:47  Overseer  
  200  43:48  Overseer x2  
Show
View Real Time Build Order
Export as new Build Order

Sse Terran 

Build Orders: Reaper Expand, Mech 

Get SALT Encoding   

  12  0:01  SCV  
  13  0:13  SCV  
  14  0:18  Supply Depot  
  14  0:26  SCV  
  15  0:40  SCV  
  15  0:41  Barracks  
  16  0:46  Refinery  
  16  0:52  SCV  
  17  1:04  SCV  
  18  1:16  SCV  
  19  1:30  Orbital Command  
  19  1:31  Reaper  
  20  1:49  Command Center  
  20  1:59  SCV  
  21  2:05  Refinery  
  21  2:09  Supply Depot  
  21  2:13  Factory  
  21  2:16  SCV  
  22  2:28  SCV  
  23  2:53  SCV  
  23  2:58  Factory Tech Lab  
  23  3:06  Starport  
  23  3:08  Marine  
  23  3:10  Orbital Command  
  24  3:14  SCV  
  24  3:19  Engineering Bay  
  25  3:22  Supply Depot  
  25  3:23  Siege Tank  
  25  3:26  Marine  
  29  3:37  SCV x2  
  31  3:42  Starport Reactor  
  31  3:48  Factory  
  31  3:49  SCV x2  
  35  3:55  Hellion  
  35  4:01  SCV  
  36  4:08  SCV  
  37  4:13  SCV  
  38  4:21  Liberator  
  38  4:30  SCV  
  38  4:31  SCV  
  40  4:34  Factory Reactor  
  40  4:39  Medivac  
  40  4:42  SCV  
  40  4:43  SCV  
  47  4:46  Command Center  
  47  4:50  Armory  
  47  4:52  Hellion  
  49  4:54  SCV  
  49  4:55  SCV  
  49  4:56  Refinery  
  49  4:57  Refinery  
  51  5:07  SCV x2  
  53  5:16  Hellion x2, Supply Depot  
  53  5:19  Supply Depot  
  57  5:23  SCV  
  58  5:31  SCV  
  60  5:35  SCV  
  60  5:38  Hellion x2  
  60  5:41  Supply Depot  
  64  5:43  SCV  
  64  5:46  Siege Tank  
  64  5:47  SCV  
  69  5:55  SCV  
  70  5:59  Hellion x2, SCV  
  75  6:04  Supply Depot  
  75  6:28  Siege Tank  
  75  6:31  Planetary Fortress  
  78  6:33  SCV x2  
  78  6:36  Supply Depot, Viking  
  78  6:37  Viking  
  84  6:45  SCV x2  
  86  6:51  Missile Turret  
  86  6:53  Missile Turret  
  86  6:54  Missile Turret  
  86  6:57  SCV  
  86  6:58  Widow Mine x2, Supply Depot x2  
  86  7:00  Siege Tank  
  94  7:20  Supply Depot  
  94  7:36  SCV  
  94  7:37  SCV x2  
  97  7:42  Refinery  
  97  7:43  Refinery, Missile Turret  
  97  7:44  Missile Turret  
  97  7:48  SCV, Missile Turret  
  97  7:49  SCV x2  
  97  7:50  Supply Depot  
  100  8:01  SCV x2  
  100  8:14  Supply Depot  
  100  8:22  Siege Tank  
  100  8:25  Terran Vehicle And Ship Armor Level 1  
  100  8:27  Building Armor  
  103  8:30  Barracks Tech Lab  
  103  8:31  Ghost Academy  
  103  8:36  Barracks, Supply Depot  
  103  8:39  Supply Depot  
  103  8:41  Missile Turret  
  103  8:42  SCV x3  
  103  8:46  Missile Turret x2  
  103  8:48  Medivac  
  108  8:53  Liberator  
  108  8:54  Siege Tank  
  111  8:57  SCV x3  
  114  9:05  Missile Turret  
  116  9:24  SCV x2  
  116  9:25  SCV  
  119  9:36  SCV  
  120  9:38  Ghost  
  120  9:43  Missile Turret  
  119  9:46  Missile Turret x2  
  119  10:02  Liberator x2  
  119  10:07  Ghost, Terran Infantry Armor Level 1  
  119  10:13  Command Center x2  
  121  10:16  Thor  
  133  10:21  Command Center  
  133  10:24  Hellbat x2  
  133  10:26  Infernal Pre-Igniter  
  133  10:28  SCV x3  
  140  10:34  Missile Turret  
  140  10:36  Personal Cloaking  
  140  10:37  Terran Vehicle And Ship Armor Level 2  
  140  10:40  SCV  
  141  10:43  Armory x2  
  141  10:46  Hellbat x2  
  141  10:47  Supply Depot  
  145  10:51  Supply Depot  
  145  10:52  Barracks Tech Lab  
  145  10:53  Factory  
  145  10:54  Factory  
  145  10:55  Missile Turret  
  145  10:59  Thor  
  151  11:17  Missile Turret  
  139  12:16  Factory Tech Lab  
  139  12:17  Ghost  
  139  12:22  Orbital Command  
  141  12:31  Hellbat  
  141  12:32  Hellbat x2  
  147  12:38  SCV x3  
  147  12:39  SCV  
  151  12:46  Ghost  
  151  12:50  SCV x2  
  152  12:53  Thor, Hellbat  
  159  13:07  Missile Turret  
  159  13:09  Missile Turret x2  
  152  13:20  SCV x3  
  153  13:28  Missile Turret  
  146  13:36  Thor  
  146  13:37  Liberator x2  
  111  13:51  Ghost x2  
  111  13:53  Hellbat x2  
  122  14:15  Hellbat  
  124  14:19  Siege Tank, Ghost x2  
  124  14:20  Liberator x2, Terran Vehicle And Ship Armor Level 3  
  124  14:21  Terran Vehicle Weapons Level 1  
  129  14:31  Command Center  
  129  14:35  Command Center  
  129  14:37  Hellbat x2  
  139  14:41  Command Center  
  129  14:48  Ghost x2  
  129  14:51  Siege Tank  
  131  15:02  Liberator  
  131  15:03  Liberator  
  108  15:16  Ghost x2  
  108  15:21  Hellion x2  
  122  15:23  Siege Tank  
  122  15:24  Thor, Factory Tech Lab  
  131  15:29  Terran Ship Weapons Level 1  
  131  15:47  Nuke  
  131  15:50  Widow Mine x2  
  131  15:56  Siege Tank  
  138  16:13  Refinery  
  138  16:15  Refinery  
  138  16:16  Orbital Command  
  138  16:32  Planetary Fortress  
  129  16:50  Planetary Fortress  
  129  16:59  Command Center  
  129  17:17  Missile Turret x2, Hellbat  
  129  17:18  Hellbat x3  
  129  17:19  Hellbat  
  139  17:24  Ghost x2  
  139  17:26  Drilling Claws  
  143  17:38  Widow Mine x3  
  143  17:39  Widow Mine  
  148  17:52  Ghost  
  150  18:53  Terran Vehicle Weapons Level 2  
  150  18:56  Thor x2  
  159  19:39  Thor  
  159  19:45  Medivac x2  
  169  19:56  Planetary Fortress  
  169  20:01  Hi-Sec Auto Tracking  
  169  20:06  Siege Tank  
  172  20:38  Siege Tank  
  175  21:02  Refinery  
  175  21:03  Refinery  
  175  21:07  Missile Turret, Medivac x2  
  175  21:08  Missile Turret  
  175  21:10  Missile Turret  
  171  22:25  Command Center  
  162  22:49  Widow Mine x4  
  170  22:53  Ghost x2  
  170  22:56  Hellbat  
  176  22:59  Terran Vehicle Weapons Level 3  
  176  23:13  Missile Turret  
  176  23:15  Missile Turret x2  
  176  23:17  Widow Mine x2, Hellbat  
  176  23:18  Widow Mine  
  176  23:19  Hellbat  
  186  23:21  Ghost  
  186  23:22  Ghost  
  188  23:39  Thor, Hellbat  
  196  23:50  Ghost  
  181  24:14  Ghost  
  181  24:16  Hellbat x2  
  181  24:17  Hellbat x2  
  191  24:18  Ghost  
  191  24:23  Hellbat  
  193  24:34  Planetary Fortress  
  193  24:43  Command Center  
  193  25:21  Medivac  
  193  25:23  Viking  
  189  25:49  Orbital Command  
  189  25:50  Orbital Command  
  189  25:52  Siege Tank x3, Orbital Command  
  198  26:17  Terran Ship Weapons Level 2, Terran Infantry Armor Level 2  
  192  26:45  Command Center  
  192  27:16  Command Center  
  192  27:26  Thor  
  198  27:38  Command Center  
  185  28:06  Command Center  
  185  28:36  Terran Infantry Armor Level 3  
  185  28:37  SCV x2  
  187  28:48  Planetary Fortress  
  159  29:25  Planetary Fortress  
  159  29:31  Liberator  
  159  29:44  Widow Mine x3  
  159  29:45  Widow Mine x2  
  172  30:08  Ghost x2  
  172  30:13  Widow Mine x3  
  172  30:14  Liberator, Siege Tank x2  
  177  30:37  Ghost  
  171  31:01  Command Center  
  171  31:03  Command Center  
  131  32:35  Command Center  
  131  32:40  Siege Tank x2  
  131  32:41  Siege Tank  
  140  32:55  Liberator  
  140  33:12  Siege Tank  
  140  33:13  Siege Tank  
  140  33:14  Siege Tank  
  152  33:44  Refinery  
  152  33:45  Siege Tank  
  152  33:47  Refinery  
  152  33:48  Missile Turret  
  155  33:53  Command Center  
  155  34:02  Planetary Fortress  
  100  34:47  Widow Mine x5  
  110  35:01  Ghost x2  
  110  35:02  Planetary Fortress  
  114  35:15  Widow Mine  
  114  35:16  Widow Mine x2  
  114  35:18  Refinery  
  120  35:26  Siege Tank  
  120  35:27  Siege Tank  
  126  35:29  Ghost  
  128  35:45  Siege Tank  
  131  36:05  Command Center  
  131  36:07  Siege Tank  
  131  36:08  Siege Tank  
  137  36:46  SCV x3  
  141  36:47  SCV x2  
  127  37:36  Planetary Fortress  
  127  37:46  Siege Tank x2  
  113  39:28  Widow Mine x2  
  113  39:29  Widow Mine x3  
  121  39:57  Widow Mine x5  
  65  42:52  SCV  
Tags
 
Add a new tag
Caveats
  • Supply blocks, unpowered buildings, or Contaminate may cause inaccurate times.
  • Supply counts are checked every 10 seconds.